 Dungeon Crawl Stone Soup version 0.22.1-1-ga44c0e5 (webtiles) character file.

1246 shamaniam the Sneak (level 8, -2/51 HPs)
             Began as an Octopode Wizard on Nov 3, 2018.
             Slain by a sky beast (3 damage)
             ... on level 6 of the Dungeon.
             The game lasted 00:32:40 (7487 turns).

shamaniam the Sneak (Octopode Wizard)               Turns: 7487, Time: 00:32:40

Health: -2/51      AC:  2    Str:  6    XL:     8   Next: 50%
Magic:  15/15      EV: 14    Int: 22    God:
Gold:   210        SH:  4    Dex: 11    Spells: 6/17 levels left

rFire    . . .     SeeInvis .   b - +10 club
rCold    . . .     Gourm    .   (no shield)
rNeg     . . .     Faith    .   a - +1 hat
rPois    .         Spirit   .   u - +4 amulet of reflection
rElec    .         Reflect  +   (no ring)
rCorr    .         Harm     .   (no ring)
MR       .....                  (no ring)
Stlth    ++++......             (no ring)
HPRegen  0.17/turn              (no ring)
MPRegen  0.14/turn              (no ring)
                                (no ring)
                                (no ring)

@: about to teleport
A: almost no armour, stealthy swim, amphibious, 8 rings, constrict 8, camouflage
1, gelatinous body 1
a: no special abilities


You were on level 6 of the Dungeon.
You were not hungry.

You visited 1 branch of the dungeon, and saw 6 of its levels.

You collected 210 gold pieces.

Inventory:

Hand Weapons
 b - a +10 club (weapon)
Missiles
 f - 8 javelins (quivered)
Armour
 a - a +1 hat (worn)
Magical Staves
 t - an uncursed staff of fire
Jewellery
 l - an uncursed ring of ice
 u - a +4 amulet of reflection (around mantle)
Wands
 h - a wand of polymorph (28)
Scrolls
 d - 3 scrolls of identify
 j - a scroll of teleportation
 o - 3 scrolls of remove curse
 q - a scroll of enchant armour
 r - 3 scrolls of magic mapping {unknown}
 x - a scroll of amnesia {unknown}
Potions
 e - 4 potions of curing
 g - 5 potions of lignification
 i - a potion of brilliance
 k - 2 potions of mutation {unknown}
 m - a potion of resistance {unknown}
 n - a potion of might {unknown}
 p - a potion of flight {unknown}
 v - a potion of degeneration {unknown}
 w - a potion of heal wounds {unknown}
Comestibles
 c - 11 rations


   Skills:
 + Level 2.9 Fighting
 + Level 2.0 Maces & Flails
 + Level 3.8 Dodging
 + Level 5.4 Stealth
 - Level 1.1 Unarmed Combat
 * Level 5.2 Spellcasting
 * Level 4.7 Conjurations
 + Level 1.8 Summonings
 - Level 1.0 Translocations
 + Level 1.3 Air Magic
 + Level 1.8 Poison Magic
 + Level 1.7 Evocations


You had 6 spell levels left.
You knew the following spells:

 Your Spells              Type           Power        Failure   Level  Hunger
a - Magic Dart            Conj           ####         1%          1    None
b - Blink                 Tloc           N/A          10%         2    None
c - Call Imp              Summ           ##......     7%          2    None
d - Mephitic Cloud        Conj/Pois/Air  ###.....     10%         3    ##.....
e - Conjure Flame         Conj/Fire      ###.....     11%         3    ##.....

Your spell library contained the following spells:

 Spells                   Type           Power        Failure   Level  Hunger
 Slow                     Hex            #.......     16%         2    None


Dungeon Overview and Level Annotations

Branches:
Dungeon (6/15)
 Temple: D:4-7

Altars:

Shops:
D:5 *


Innate Abilities, Weirdness & Mutations

You cannot wear most types of armour.
You are very stealthy in the water. (Stealth+)
You are amphibious.
You can wear up to eight rings at the same time.
You can use your tentacles to constrict eight enemies at once.
Your skin changes colour to match your surroundings (Stealth+).
Your rubbery body absorbs attacks. (AC +1, EV +1)


Message History

The sky beast flickers out of sight!
Deactivating autopickup; reactivate with Ctrl-A.
Something hits you. Something shocks you. Something hits you.
Something shocks you.
You barely miss something. Something hits you. Something shocks you.
You miss something. Something hits you.
* * * LOW HITPOINT WARNING * * *
Something shocks you.
* * * LOW HITPOINT WARNING * * *
You hit something. Your squeeze misses something. Something hits you.
* * * LOW HITPOINT WARNING * * *
Something shocks you.
* * * LOW HITPOINT WARNING * * *
You feel better. Something hits you.
* * * LOW HITPOINT WARNING * * *
Something shocks you.
* * * LOW HITPOINT WARNING * * *
As you read the scroll of teleportation, it crumbles to dust.
You feel strangely unstable. Something hits you.
You die...

.#..##
##.####
....# #.#
#...# #.#
...## #.#
...# #.#
...## #.#
....# #.#
....# #.#
....# #@#
....# #.#
.....#
#.......#
.[.#..
#.#....h#
#.###.
#.##...##
...# ..#
#.##
##... ###
.# ## #


There were no monsters in sight!

Vanquished Creatures
  Grinder (D:4)
  A sky beast (D:6)
  2 ogres
  2 scorpions
  2 crimson imps (D:5)
  2 orc priests
  4 orc wizards
  A bullfrog skeleton (D:4)
  4 worker ants
  Robin (D:2)
  5 gnolls (D:6)
  5 adders
  An ooze (D:1)
  3 adder skeletons
  A worm (D:3)
  A dart slug (D:1)
  A leopard gecko (D:1)
  19 orcs
  5 ball pythons
  7 giant cockroaches
  16 goblins
  6 hobgoblins
  8 jackals (D:1)
  4 kobolds
  A quokka (D:4)
  6 bats
  2 frilled lizards (D:3)
  8 rats
  A plant (D:3)
120 creatures vanquished.

Vanquished Creatures (collateral kills)
  A scorpion (D:5)
  A gnoll shaman (D:4)
  An orc priest (D:4)
  Crazy Yiuf (D:4)
  An iguana (D:5)
  6 gnolls
  A worm (D:3)
  4 orcs
16 creatures vanquished.

Vanquished Creatures (others)
  A plant (D:3)
1 creature vanquished.

Grand Total: 137 creatures vanquished

Notes
Turn   | Place    | Note
-------+----------+-------------------------------------------
     0 | D:1      | shamaniam the Octopode Wizard began the quest for the Orb.
     0 | D:1      | Reached XP level 1. HP: 11/11 MP: 4/4
   179 | D:1      | Reached XP level 2. HP: 14/17 MP: 1/6
   466 | D:1      | Learned a level 2 spell: Blink
   469 | D:1      | Learned a level 2 spell: Call Imp
   763 | D:1      | Reached XP level 3. HP: 9/22 MP: 1/7
  1973 | D:2      | Noticed Robin
  2006 | D:2      | Reached XP level 4. HP: 27/27 MP: 0/9
  2274 | D:2      | Killed Robin
  2363 | D:2      | Learned a level 3 spell: Mephitic Cloud
  2807 | D:3      | Reached skill level 1 in Fighting
  3128 | D:3      | Reached XP level 5. HP: 17/33 MP: 10/10
  3520 | D:4      | Noticed an ogre
  3533 | D:4      | Killed an ogre
  3533 | D:4      | Reached skill level 1 in Unarmed Combat
  3737 | D:4      | Reached skill level 1 in Maces & Flails
  3737 | D:4      | Reached XP level 6. HP: 15/38 MP: 6/11
  3909 | D:4      | Noticed Grinder
  4352 | D:4      | Paralysed by Grinder for 5 turns
  4370 | D:4      | Paralysed by Grinder for 5 turns
  4556 | D:4      | Paralysed by Grinder for 3 turns
  4735 | D:4      | Killed Grinder
  4735 | D:4      | Reached XP level 7. HP: 34/45 MP: 4/13
  5525 | D:4      | Found a runed door.
  5529 | D:4      | Noticed Crazy Yiuf
  5533 | D:4      | Killed Crazy Yiuf
  5600 | D:5      | Entered Level 5 of the Dungeon
  5879 | D:5      | Reached skill level 1 in Evocations
  6016 | D:5      | Reached skill level 5 in Stealth
  6016 | D:5      | Reached XP level 8. HP: 34/51 MP: 8/15
  6120 | D:5      | Found Vyuh's Elemental Accessories.
  6583 | D:5      | Learned a level 3 spell: Conjure Flame
  6616 | D:6      | Reached skill level 1 in Poison Magic
  6734 | D:6      | Reached skill level 5 in Spellcasting
  6744 | D:6      | Reached skill level 1 in Air Magic
  7484 | D:6      | HP: 2/51 [something (5)]
  7487 | D:6      | Slain by a sky beast

Skill      XL: |  1  2  3  4  5  6  7  8 |
---------------+-------------------------+-----
Stealth        | 3 4 5 |  5.4
Conjurations   | 2 3 4 |  4.7
Fighting       | 1 2 |  2.9
Unarmed Combat | 1 |  1.1
Maces & Flails | 1 2 |  2.0
Spellcasting   | 4 5 |  5.2
Dodging        | 3 |  3.8
Evocations     | 1 |  1.7
Poison Magic   | 1 |  1.8
Air Magic      | 1 |  1.3
Summonings     | |  1.8
Translocations | |  1.0

Action                   |  1- 3 |  4- 6 |  7- 9 || total
-------------------------+-------+-------+-------++-------
Melee: Unarmed           |    65 |     9 |       ||    74
       Tentacles         |    13 |     9 |     5 ||    27
       Constrict         |    17 |     9 |    11 ||    37
       Club              |       |    53 |    69 ||   122
 Cast: Magic Dart        |    66 |    63 |    94 ||   223
       Call Imp          |       |    11 |    10 ||    21
       Mephitic Cloud    |       |     2 |     4 ||     6
       Conjure Flame     |       |       |     2 ||     2
  Use: Scroll            |     3 |     5 |     1 ||     9
       Potion            |       |     1 |     1 ||     2
 Stab: Sleeping          |     2 |     3 |     2 ||     7
       Confused          |       |     1 |       ||     1
  Eat: Chunk             |     3 |     9 |     9 ||    21
Armor: Skin              |    13 |     4 |     5 ||    22
Dodge: Dodged            |    53 |    27 |    33 ||   113
Block: Other             |       |       |     4 ||     4
